 Dungeon Crawl Stone Soup version 0.24-a0-388-gb57f36d6e0 (webtiles) character file.

Game seed: 15236176353408152412

63457 HAL9000 the Slicer (level 15, -4/72 HPs)
             Began as a Vine Stalker Assassin on June 4, 2019.
             Was a Believer of Uskayaw.
             Slain by Jorgrun
             ... wielding a +0 quarterstaff of crushing
              (6 damage)
             ... while paralysed by an orc sorcerer
             ... on level 1 of the Orcish Mines.
             The game lasted 01:10:36 (22328 turns).

HAL9000 the Slicer (Vine Stalker Assassin)         Turns: 22328, Time: 01:10:37

Health: -4/72      AC: 14    Str: 23    XL:     15   Next: 9%
Magic:  0/25       EV:  2    Int: 11    God:    Uskayaw [**....]
Gold:   1662       SH:  0    Dex: 17    Spells: 7/27 levels left

rFire    + . .     SeeInvis .   S - +2 rapier of Victory {drain, rPois Str+7 Int-3}
rCold    . . .     Gourm    .   O - +0 buckler
rNeg     + . .     Faith    .   W - +1 ring mail of Day {rF+ rN+ Stlth+}
rPois    +         Spirit   +   Q - +1 helmet
rElec    .         Reflect  .   B - +2 cloak
rCorr    .         Harm     .   (no gloves)
MR       +....                  (no boots)
Stlth    ++++......             m - amulet of magic regeneration
HPRegen  1.02/turn              j - ring of poison resistance
MPRegen  0.44/turn              a - +2 ring of protection

@: paralysed, heavily drained
A: fangs 3, regeneration 2, magic shield, antimagic bite, no potion heal 3, rot
immunity
a: Stomp, Line Pass, Renounce Religion


You were on level 1 of the Orcish Mines.
You worshipped Uskayaw.
Uskayaw was pleased with you.
You were not hungry.

You visited 4 branches of the dungeon, and saw 18 of its levels.
You also visited: Ice Cave.

You collected 1953 gold pieces.
You spent 291 gold pieces at shops.

Inventory:

Hand Weapons
 S - the +2 rapier of Victory (weapon) {drain, rPois Str+7 Int-3}
   (You found it on level 2 of the Lair of Beasts)

   A truly terrible weapon, it drains the life of those it strikes.
   It affects your strength (+7).
   It affects your intelligence (-3).
   It protects you from poison.
Missiles
 d - 42 poisoned darts (quivered)
 e - 2 curare-tipped darts
 l - 24 boomerangs
 v - 17 atropa-tipped darts
 G - 5 javelins
Armour
 i - a +0 plate armour of fire resistance
 t - a +2 plate armour of magic resistance
 w - a scarf of cloud immunity
 B - a +2 cloak (worn)
 O - a +0 buckler (worn)
 Q - a +1 helmet (worn)
 T - a scarf of resistance
 W - the +1 ring mail of Day (worn) {rF+ rN+ Stlth+}
   (You found it in an ice cave)

   It protects you from fire.
   It protects you from negative energy.
   It makes you more stealthy.
Jewellery
 a - a +2 ring of protection (right hand)
 j - a ring of poison resistance (left hand)
 m - an amulet of magic regeneration (around neck)
 D - an uncursed ring of protection from magic
 J - an uncursed ring of protection from fire
 R - a +3 ring of strength
Wands
 q - a wand of scattershot (4)
 r - a wand of polymorph (12)
 N - a wand of disintegration (15)
 U - a wand of iceblast (4)
 V - a wand of digging (5)
Scrolls
 g - 3 scrolls of fog
 h - 8 scrolls of remove curse
 k - 13 scrolls of teleportation
 y - 4 scrolls of magic mapping
 A - 2 scrolls of blinking
 C - 3 scrolls of vulnerability
 F - a scroll of summoning
Potions
 b - a potion of resistance
 n - 3 potions of mutation
 p - 6 potions of curing
 s - 3 potions of haste
 u - a potion of magic
 x - a potion of agility
 z - a potion of cancellation
 E - a potion of flight
 H - a potion of brilliance
 I - a potion of invisibility
 Y - a potion of berserk rage
Miscellaneous
 o - a phantom mirror
Comestibles
 c - 4 chunks of flesh
 f - 25 rations


   Skills:
 - Level 5.2(3.8) Fighting
 - Level 14.0(12.3) Short Blades
 - Level 1.7(0.5) Throwing
 + Level 7.3(5.9) Armour
 - Level 0.7(0.0) Dodging
 - Level 10.0(8.5) Stealth
 - Level 4.2(2.9) Shields
 - Level 6.5(5.1) Spellcasting
 - Level 7.1(5.6) Hexes
 - Level 6.4(5.0) Summonings
 - Level 12.0(10.4) Invocations


You had 7 spell levels left.
You knew the following spells:

 Your Spells              Type           Power        Failure   Level  Hunger
a - Confuse               Hex            ###.....     11%         3    ###....
b - Tukima's Dance        Hex            ###.....     11%         3    ###....
c - Summon Lightning Spi  Summ/Air       #.......     78%         4    ####...
d - Metabolic Englaciati  Hex/Ice        #.........   97%         5    ######.
e - Yara's Violent Unrav  Hex/Tmut       #.........   97%         5    ######.

Your spell library contained the following spells:

 Spells                   Type           Power        Failure   Level  Hunger
 Confusing Touch          Hex            ###...       3%          1    None
 Corona                   Hex            ###....      3%          1    None
 Summon Small Mammal      Summ           ##..         4%          1    None
 Call Imp                 Summ           ##......     7%          2    ##.....
 Summon Guardian Golem    Hex/Summ       ##......     12%         3    ###....
 Call Canine Familiar     Summ           ##......     14%         3    ###....
 Ensorcelled Hibernation  Hex/Ice        #.....       17%         2    ##.....
 Dazzling Spray           Conj/Hex       #.....       34%         3    ###....
 Beastly Appendage        Tmut           #.....       36%         1    None
 Freeze                   Ice            #...         36%         1    None
 Magic Dart               Conj           #...         36%         1    None
 Sticks to Snakes         Tmut           #.......     50%         2    ##.....
 Throw Frost              Conj/Ice       #.....       50%         2    ##.....
 Gell's Gravitas          Tloc           #.........   73%         3    ###....
 Ozocubu's Armour         Chrm/Ice       #.......     73%         3    ###....
 Spider Form              Tmut/Pois      #.........   73%         3    ###....
 Summon Ice Beast         Ice/Summ       #.......     78%         4    ####...
 Ice Form                 Ice/Tmut       #.......     98%         4    ####...
 Petrify                  Tmut/Erth      #.......     98%         4    ####...
 Throw Icicle             Conj/Ice       #.......     98%         4    ####...
 Blade Hands              Tmut           #.........   100%        5    ######.


Dungeon Overview and Level Annotations

Branches:
Dungeon (11/15)            Temple (1/1) D:5            Lair (4/6) D:8
  Swamp (0/4) Lair:4        Snake (0/4) Lair:4          Orc (2/2) D:10
    Elf (0/3) Orc:2

Altars:
Ashenzari
Cheibriados
Dithmenos
Elyvilon
Fedhas
Gozag
Hepliaklqana
Kikubaaqudgha
Makhleb
Nemelex Xobeh
Okawaru
Qazlal
Ru
Sif Muna
Trog
Uskayaw
Vehumet
Wu Jian
Xom
Yredelemnul
Zin
The Shining One

Shops:
D:7 ?*%?}   D:8 ?:%   Orc:1 }=*?   Orc:2 ?!!(:

Annotations:
Lair:2 exclusion: oklob plant
Lair:4 2 transporters, Meate's ghost, journeyman MiBe
Orc:1 Jorgrun


Innate Abilities, Weirdness & Mutations

You have razor-sharp teeth.
You heal very quickly.
When hurt, damage is shared between your health and your magic reserves.
Your bite disrupts and absorbs the magic of your enemies.
Potions cannot restore your health.
You are immune to rotting.


Message History

Jorgrun says, "May tha earth consume ye!"
Jorgrun hits you but does no damage.
The ufetubus hits you but does no damage.
The ufetubus barely misses you.
The orc hits you from afar with a +0 trident.
* * * LOW HITPOINT WARNING * * *
The ufetubus hits you but does no damage. x2
The orc sorcerer hits you but does no damage.
The ufetubus hits you but does no damage. x4
The ufetubus barely misses you.
The ufetubus hits you but does no damage.
The ynoxinul hits you.
* * * LOW HITPOINT WARNING * * *
The ufetubus hits you but does no damage. x2
The orc warrior hits you from afar with a +0 glaive of protection.
* * * LOW HITPOINT WARNING * * *
The orc warrior hits you but does no damage.
Jorgrun says, "May tha earth consume ye!"
Jorgrun hits you with a +0 quarterstaff of crushing!
You die...

#. #...#.......
#.##........#..
....#........# .
#............#..
...#................
. ........5o.......∩.
#. .......5o55.......
... ......og@5....o..
....#...o.53o5.#.#...
..............##
......))[......
#.....$>..#....#
....#........... #
##.#..#..#.#.
#############


You could see Jorgrun, a ynoxinul, an orc sorcerer, 4 orc warriors, an orc and 7
ufetubi.

Vanquished Creatures
  2 orc warlords
  A frost giant (IceCv)
  A stone giant (Orc:2)
  Snorg (D:10)
  Josephine (D:10)
  A hydra (Lair:3)
  17 two-headed ogres
  A death yak (IceCv)
  4 ogre magi (Orc:2)
  Urug (Lair:4)
  An orc high priest (Orc:2)
  Pikel (D:6)
  3 orc knights
  2 ugly things (D:11)
  2 orc sorcerers (Orc:2)
  A manticore (D:11)
  Maurice (D:11)
  An ice statue (IceCv)
  2 black mambas
  7 spiny frogs
  4 rime drakes
  10 komodo dragons
  5 trolls
  Prince Ribbit (D:9)
  A hornet (D:9)
  19 polar bears
  7 blink frogs (Lair:3)
  8 hippogriffs
  3 wyverns
  Sigmund (D:6)
  A spriggan (D:8)
  3 basilisks
  Grum (D:10)
  4 wraiths (D:10)
  34 yaks
  A steam dragon (Lair:2)
  A warg (Orc:2)
  A naga (Lair:4)
  An acid dragon (D:8)
  3 water moccasins
  4 porcupines
  Duvessa (D:6)
  6 ice beasts
  22 orc warriors
  2 sky beasts
  3 phantoms
  5 necrophages (D:8)
  3 black bears
  24 ogres
  61 wolves
  A centaur (D:7)
  5 crocodiles
  11 bullfrogs
  3 big kobolds
  Dowan (D:6)
  7 scorpions
  A water moccasin skeleton (D:9)
  6 killer bees (D:6)
  15 wights
  A howler monkey (D:6)
  3 electric eels
  A centaur zombie (D:9)
  3 crimson imps
  A bullfrog zombie (D:6)
  3 centaur skeletons
  2 jellies
  3 hounds
  2 bullfrog skeletons
  8 orc priests
  16 orc wizards
  13 iguanas
  5 worker ants
  A bullfrog simulacrum (D:9)
  A hound zombie (D:8)
  A hound skeleton (D:7)
  2 killer bee simulacra (D:9)
  A worker ant zombie (D:6)
  11 adders
  A worker ant simulacrum (D:9)
  An adder skeleton (D:7)
  6 worms
  4 dart slugs
  8 leopard geckos
  83 orcs
  2 ball pythons (D:3)
  8 bats
  3 giant cockroaches
  13 goblins
  6 hobgoblins
  6 jackals
  17 kobolds
  2 quokkas
  15 frilled lizards
  A leopard gecko zombie (D:5)
  11 rats
  A plant (Lair:1)
607 creatures vanquished.

Vanquished Creatures (others)
  2 fungi (Lair:3)
  2 plants
4 creatures vanquished.

Grand Total: 611 creatures vanquished

Notes
Turn   | Place    | Note
-------+----------+-------------------------------------------
     0 | D:1      | HAL9000 the Vine Stalker Assassin began the quest for the
                  | Orb.
     0 | D:1      | Reached XP level 1. HP: 11/11 MP: 2/2
    17 | D:1      | Reached skill level 2 in Short Blades
   293 | D:1      | Reached XP level 2. HP: 15/15 MP: 3/3
   528 | D:1      | Reached skill level 3 in Short Blades
   647 | D:1      | Reached XP level 3. HP: 18/18 MP: 4/4
  2136 | D:2      | Gained mutation: Your natural rate of healing is unusually
                  | fast. [Vine Stalker growth]
  2136 | D:2      | Reached XP level 4. HP: 12/23 MP: 5/5
  2448 | D:2      | Reached skill level 4 in Short Blades
  3137 | D:3      | Reached XP level 5. HP: 26/26 MP: 6/6
  3269 | D:3      | Found a sparkling altar of Nemelex Xobeh.
  3622 | D:4      | Reached skill level 5 in Short Blades
  3762 | D:4      | Noticed an ogre
  3774 | D:4      | Killed an ogre
  3774 | D:4      | Reached XP level 6. HP: 18/30 MP: 5/7
  4111 | D:4      | Reached skill level 6 in Short Blades
  4641 | D:5      | Entered Level 5 of the Dungeon
  4703 | D:5      | Noticed an ice beast
  4704 | D:5      | Killed an ice beast
  4704 | D:5      | Reached XP level 7. HP: 34/34 MP: 8/8
  5055 | D:5      | Found a staircase to the Ecumenical Temple.
  5076 | Temple   | Entered the Ecumenical Temple
  5251 | Temple   | Became a worshipper of Uskayaw the Reveler
  5385 | D:5      | Reached * piety under Uskayaw
  5391 | D:5      | Reached skill level 7 in Short Blades
  5391 | D:5      | Reached ** piety under Uskayaw
  5430 | D:5      | Found a basalt altar of Yredelemnul.
  5508 | D:5      | Reached *** piety under Uskayaw
  5514 | D:5      | Reached **** piety under Uskayaw
  5659 | D:5      | Reached skill level 8 in Short Blades
  5759 | D:5      | Gained mutation: You have razor-sharp teeth. [Vine Stalker
                  | growth]
  5759 | D:5      | Reached XP level 8. HP: 14/38 MP: 9/9
  5857 | D:5      | Learned a level 3 spell: Confuse
  6103 | D:6      | Reached skill level 9 in Short Blades
  6124 | D:6      | Reached ***** piety under Uskayaw
  6175 | D:6      | Noticed Sigmund
  6182 | D:6      | Killed Sigmund
  6182 | D:6      | Reached skill level 10 in Short Blades
  6300 | D:6      | Learned a level 3 spell: Tukima's Dance
  6328 | D:6      | Reached skill level 1 in Spellcasting
  6328 | D:6      | Reached skill level 1 in Hexes
  6375 | D:6      | Reached XP level 9. HP: 42/42 MP: 12/12
  6718 | D:6      | Found a radiant altar of Vehumet.
  6723 | D:6      | Found an ancient bone altar of Kikubaaqudgha.
  6730 | D:6      | Identified Vehumet's Compendium of Attacks
  6733 | D:6      | Noticed Dowan
  6734 | D:6      | Found a deep blue altar of Sif Muna.
  6734 | D:6      | Noticed Duvessa
  7191 | D:6      | Killed Duvessa
  7200 | D:6      | Killed Dowan
  7413 | D:7      | Found Seebbos's Magic Scroll Boutique.
  7416 | D:7      | Bought a scroll of teleportation for 36 gold pieces
  7416 | D:7      | Bought a scroll of teleportation for 36 gold pieces
  7538 | D:7      | Found an opulent altar of Gozag.
  7596 | D:7      | Found Ediwnos's Magic Scroll Boutique.
  7602 | D:7      | Found Poddatre's Assorted Antiques.
  7604 | D:7      | Bought a scroll of teleportation for 48 gold pieces
  7604 | D:7      | Bought a scroll of teleportation for 48 gold pieces
  7604 | D:7      | Bought a scroll of teleportation for 48 gold pieces
  7637 | D:7      | Found Zucoych's Food Shoppe.
  7647 | D:7      | Noticed Pikel
  7693 | D:6      | Killed Pikel
  8053 | D:7      | Found Maplius's Gadget Shop.
  8111 | D:7      | Found a stormy altar of Qazlal.
  8111 | D:7      | Found a bloodstained altar of Trog.
  8251 | D:8      | Found Ocafu's Book Emporium.
  8278 | D:8      | Reached skill level 5 in Spellcasting
  8278 | D:8      | Reached skill level 5 in Hexes
  8650 | D:8      | Reached XP level 10. HP: 46/46 MP: 19/19
  8821 | D:8      | Found Oleodes's Magic Scroll Shoppe.
  9078 | D:8      | Found a white marble altar of Elyvilon.
  9078 | D:8      | Found a shimmering altar of Xom.
  9245 | D:8      | Found Zyok's Food Emporium.
  9357 | D:8      | Found a staircase to the Lair.
  9732 | Lair:1   | Entered Level 1 of the Lair of Beasts
  9732 | Lair:1   | Noticed a spiny frog
  9733 | Lair:1   | Killed a spiny frog
  9733 | Lair:1   | Reached skill level 5 in Invocations
 10132 | D:8      | Reached XP level 11. HP: 21/50 MP: 13/21
 10425 | D:8      | Reached skill level 5 in Stealth
 11515 | Lair:1   | Found an ancient bone altar of Kikubaaqudgha.
 12189 | Lair:2   | Noticed an oklob plant
 12459 | Lair:2   | Learned a level 4 spell: Summon Lightning Spire
 12489 | Lair:2   | Reached skill level 10 in Stealth
 12570 | Lair:1   | Reached skill level 1 in Summonings
 12795 | Lair:2   | Reached skill level 1 in Armour
 13227 | Lair:2   | Noticed an oklob plant
 13230 | Lair:2   | Noticed a shambling mangrove
 13230 | Lair:2   | an oklob plant changed into a shambling mangrove
 13510 | Lair:3   | Gained mutation: You heal very quickly. [Vine Stalker
                  | growth]
 13510 | Lair:3   | Reached XP level 12. HP: 15/56 MP: 14/22
 13789 | Lair:3   | Noticed an eight-headed hydra
 14017 | Lair:3   | Reached skill level 5 in Fighting
 14225 | Lair:3   | Reached skill level 1 in Shields
 14291 | Lair:3   | Killed an eight-headed hydra
 14398 | Lair:2   | Got a crude rapier
 14417 | Lair:3   | Identified the +2 rapier of Victory {drain, rPois Str+7
                  | Int-3} (You found it on level 2 of the Lair of Beasts)
 14802 | Lair:4   | Found a staircase to the Snake Pit.
 14900 | Lair:4   | Found a transporter.
 14901 | Lair:4   | Noticed a four-headed hydra
 14905 | Lair:4   | Noticed a death yak
 14907 | Lair:4   | Noticed Meate's ghost (journeyman MiBe)
 15174 | Lair:4   | Found a frozen archway.
 15188 | IceCv    | Entered an ice cave
 15196 | IceCv    | Reached skill level 11 in Short Blades
 15372 | IceCv    | Reached XP level 13. HP: 63/63 MP: 23/23
 15521 | IceCv    | Reached ****** piety under Uskayaw
 15617 | IceCv    | Reached skill level 12 in Short Blades
 15865 | IceCv    | Noticed a frost giant
 15883 | IceCv    | Reached skill level 13 in Short Blades
 15888 | IceCv    | Killed a frost giant
 15952 | IceCv    | Got a translucent ring mail
 15963 | IceCv    | Identified the +1 ring mail of Day {rF+ rN+ Stlth+} (You
                  | found it in an ice cave)
 16148 | Lair:4   | Noticed Urug
 16176 | Lair:4   | Killed Urug
 16349 | Lair:4   | Found a staircase to the Swamp.
 16437 | Lair:4   | Found a transporter.
 17491 | D:9      | Noticed Prince Ribbit
 17510 | D:9      | Killed Prince Ribbit
 17586 | D:9      | Found a blossoming altar of Fedhas.
 17727 | D:10     | Entered Level 10 of the Dungeon
 17953 | D:10     | Noticed Snorg
 17964 | D:10     | Killed Snorg
 18039 | D:10     | Reached skill level 14 in Short Blades
 18043 | D:10     | Noticed Josephine
 18048 | D:10     | Killed Josephine
 18076 | D:10     | Found a staircase to the Orcish Mines.
 18203 | D:10     | Noticed Grum
 18219 | D:10     | Killed Grum
 18417 | Orc:1    | Entered Level 1 of the Orcish Mines
 18417 | Orc:1    | Found Sapur's Jewellery Shoppe.
 18417 | Orc:1    | Noticed an orc warlord
 18632 | D:11     | Noticed Maurice
 18645 | D:11     | Killed Maurice
 18908 | D:11     | Reached XP level 14. HP: 26/68 MP: 24/24
 19240 | D:11     | Reached skill level 5 in Summonings
 19662 | D:10     | Killed an orc warlord
 19790 | Orc:1    | Found Plog's Gadget Shoppe.
 20004 | Orc:2    | Entered Level 2 of the Orcish Mines
 20124 | Orc:2    | Found a staircase to the Elven Halls.
 20260 | Orc:2    | Found Koff's Book Emporium.
 20336 | Orc:2    | Reached skill level 10 in Invocations
 20582 | Orc:2    | Learned a level 5 spell: Metabolic Englaciation
 20588 | Orc:2    | Learned a level 5 spell: Yara's Violent Unravelling
 20779 | Orc:2    | Reached skill level 5 in Armour
 20982 | Orc:2    | Found Podigh's Distillery.
 20982 | Orc:2    | Found Qexaerr's Weapon Shop.
 20983 | Orc:2    | Found Ajocee's Magic Scroll Boutique.
 20983 | Orc:2    | Found Ykidd's Distillery.
 20995 | Orc:2    | Bought a scroll of blinking for 75 gold pieces
 21307 | Orc:1    | Found Kokhleleo's General Store.
 21307 | Orc:1    | Found Okhir's Magic Scroll Boutique.
 21307 | Orc:1    | Noticed a stone giant
 21601 | Orc:1    | Noticed an orc warlord
 21613 | Orc:2    | Killed a stone giant
 21809 | Orc:2    | Reached XP level 15. HP: 37/72 MP: 16/25
 21887 | Orc:2    | Killed an orc warlord
 22208 | Orc:1    | Noticed Jorgrun
 22324 | Orc:1    | Paralysed by an orc sorcerer for 4 turns
 22328 | Orc:1    | HP: 2/72 [orc warrior/+0 glaive of protection[an orc
                  | warlord] (4)]
 22328 | Orc:1    | Slain by Jorgrun

Levels and vault maps discovered:
D:1:      dpeg_arrival_arbitrary_b, layout_basic
D:2:      layout_basic
D:3:      cheibrodos_old_hovel, layout_rooms, nicolae_overflow_hidden_temple,
          first_ration
D:4:      layout_loops_ring, minmay_lizard_king
D:5:      layout_basic, kennysheep_mini, temple_statues, dk_rats_in_the_wall
D:6:      layout_basic, grunt_temple_overflow_magic_moments, uniq_duvessa,
          uniq_sigmund
D:7:      layout_loops_ring, nicolae_overflow_crystal_walls,
          amethyst_overflow_temple_binary, serial_rivers,
          chequers_serial_rivers_micro_c, chequers_serial_rivers_micro_e,
          chequers_serial_rivers_small_3, chequers_serial_rivers_large_a,
          chequers_serial_rivers_micro_c, serial_shops, shop_fountains, shop,
          shop, shop, kennysheep_mini_moat, uniq_pikel
D:8:      layout_gridville, gammafunk_temple_overflow_elements,
          erik_lair_dragon, serial_shops, nicolae_shop_waterfront,
          nicolae_shop_statue_plus, shop, serial_undead, serial_undead_d,
          serial_undead_c, serial_undead_e, serial_undead_f, the_bakery,
          kennysheep_generic_room_2
D:9:      layout_stronghold, old_standard_altar, serial_ice, serial_ice_a,
          serial_ice_o, serial_ice_l, serial_ice_m, serial_ice_b, serial_ice_f,
          serial_ice_g, enter_bailey_3, kennysheep_generic_room_14,
          uniq_prince_ribbit1
D:10:     layout_loops_ring, orc_0_dummy, dk_noncrumbling_4,
          kennysheep_big_empty_room, uniq_josephine, uniq_grum, uniq_snorg
D:11:     layout_loops_cross, small_statue_alley_a, uniq_maurice
Temple:   chequers_temple_sunken
Lair:1:   layout_concentric_octagons, basic_altar, grunt_forest_large_clearings
Lair:2:   layout_misc_corridors, minmay_lair_oklob_chamber, serial_bayou_shore_a
Lair:3:   beast_lair_carwin_large_4, layout_chaotic_city, grunt_megastairs_2
Lair:4:   layout_hall_layers, swamp_mist, guppyfry_snake_entry_island,
          portal_ice_cave_rime, gammafunk_ghost_arena, minmay_hedge_maze,
          uniq_urug
Orc:1:    layout_caves, serial_shops, nicolae_shop_trees, shop_scrolls,
          nicolae_shop_trees, shop, shop, statue_in_the_mist_lemuel,
          uniq_jorgrun
Orc:2:    st_orc_ogre_mass, layout_caves, serial_shops,
          nicolae_shop_temple_entry_statues_fountains

Skill      XL: |  1  2  3  4  5  6  7  8  9 10 11 12 13 14 15 |
---------------+----------------------------------------------+-----
Short Blades   | 2 3 4 5 6 8 10 11 14 | 14.0
Spellcasting   | 1 5 6 |  6.5
Hexes          | 1 5 7 |  7.1
Invocations    | 7 8 9 12 | 12.0
Stealth        | 10 | 10.0
Summonings     | 1 4 6 |  6.4
Fighting       | 3 5 |  5.2
Armour         | 3 4 6 7 |  7.3
Shields        | 4 |  4.2
Throwing       | |  1.7
Dodging        | |  0.7

Action                   |  1- 3 |  4- 6 |  7- 9 | 10-12 | 13-15 || total
-------------------------+-------+-------+-------+-------+-------++-------
Melee: Dagger            |   125 |   199 |   344 |   781 |       ||  1449
       Bite              |    33 |    59 |   121 |   308 |   364 ||   885
       Rapier            |       |       |       |    93 |   880 ||   973
Throw: Dart              |     7 |     5 |     6 |    12 |     7 ||    37
 Cast: Confuse           |       |       |       |    68 |    31 ||    99
       Tukima's Dance    |       |       |       |       |     2 ||     2
Invok: Stomp             |       |       |       |       |     4 ||     4
       Line Pass         |       |       |       |       |     3 ||     3
Evoke: Wand              |       |       |       |     3 |     3 ||     6
  Use: Scroll            |       |     1 |    14 |    11 |     9 ||    35
       Potion            |       |       |       |       |     2 ||     2
 Stab: Sleeping          |     8 |    12 |    10 |    25 |    16 ||    71
       Distracted        |       |     1 |     2 |       |     2 ||     5
       Paralysed         |       |       |     8 |    33 |    68 ||   109
       Invisible         |       |       |     1 |       |       ||     1
       Confused          |       |       |       |    36 |     9 ||    45
  Eat: Chunk             |     3 |     8 |     6 |    27 |    27 ||    71
       Ration            |       |       |     2 |       |       ||     2
Armor: Robe              |    32 |    20 |       |       |       ||    52
       Leather armour    |       |    10 |    67 |   144 |    28 ||   249
       Ring mail         |       |       |       |       |   210 ||   210
Dodge: Dodged            |    63 |   108 |    99 |   336 |   319 ||   925
Block: Buckler           |       |       |       |    18 |   144 ||   162

Table legend:
 A = Non-vault XP
 B = Vault XP
 C = Vault XP percentage of total XP
 D = Non-vault monster count
 E = Vault monster count
 F = Vault count percentage of total count
                 A         B        C        D         E       F
            +---------+---------+-------+---------+---------+-------
      Total |   39039 |   51615 |  56.9 |     397 |     209 |  34.5
            +---------+---------+-------+---------+---------+-------
        D:1 |      59 |       0 |   0.0 |      28 |       0 |   0.0
        D:2 |      85 |       0 |   0.0 |      32 |       0 |   0.0
        D:3 |      38 |       2 |   5.0 |      14 |       1 |   6.7
        D:4 |     268 |      56 |  17.3 |       9 |      12 |  57.1
        D:5 |     837 |       0 |   0.0 |      18 |       0 |   0.0
        D:6 |     875 |    1082 |  55.3 |      19 |       4 |  17.4
        D:7 |     489 |       0 |   0.0 |      11 |       0 |   0.0
        D:8 |    1546 |    6050 |  79.6 |      24 |      48 |  66.7
        D:9 |    1872 |    1234 |  39.7 |      27 |      14 |  34.1
       D:10 |    3017 |    3610 |  54.5 |      23 |      11 |  32.4
       D:11 |    5082 |     493 |   8.8 |      38 |       1 |   2.6
     Lair:1 |    1694 |     686 |  28.8 |       8 |       6 |  42.9
     Lair:2 |    2609 |     553 |  17.5 |      14 |       3 |  17.6
     Lair:3 |    6877 |    2230 |  24.5 |      29 |      14 |  32.6
     Lair:4 |    2436 |    1734 |  41.6 |      10 |       4 |  28.6
      Orc:1 |    1647 |       0 |   0.0 |      20 |       0 |   0.0
      Orc:2 |    9608 |   19859 |  67.4 |      73 |      37 |  33.6
      IceCv |       0 |   14026 | 100.0 |       0 |      54 | 100.0
            +---------+---------+-------+---------+---------+-------
